 Dungeon Crawl Stone Soup version 0.13-a0-2739-gace2dc1 (console) character file.

111 Kellhus the Ruinous (level 4, 22/22 HPs)
             Began as a Gargoyle Wizard on Aug 21, 2013.
             Quit the game on Level 2 of the Dungeon.
             The game lasted 00:01:32 (1388 turns).

Kellhus the Ruinous (Gargoyle Wizard)               Turns: 1388, Time: 00:01:32

HP  22/22        AC  5     Str 11      XL: 4   Next:  1%
MP   6/11        EV 11     Int 19      God:
Gold 53          SH  0     Dex  8      Spells:  1 memorised,  8 levels left

Res.Fire  : . . .   See Invis. : .   (no weapon)
Res.Cold  : . . .   Warding    : .   a - +0 robe
Life Prot.: + . .   Conserve   : .   (no shield)
Res.Poison: +       Res.Corr.  : .   b - +0 wizard hat
Res.Elec. : +       Clarity    : .   (no cloak)
Sust.Abil.: . .     Spirit.Shd : .   (no gloves)
Res.Mut.  : .       Stasis     : .   (no boots)
Res.Rott. : +       Flight     : .   s - amulet of rage
Saprovore : . . .                    (no ring)
                                     (no ring)

@: slightly resistant to hostile enchantments, unstealthy
A: fangs 1, talons 2, life protection 1, electricity resistance, slow metabolism
1, unbreathing, petrification resistance, AC +3
a: Evoke Berserk Rage


You were on level 2 of the Dungeon.
You were not hungry.

You visited 1 branch of the dungeon, and saw 2 of its levels.

You collected 33 gold pieces.

Inventory:

Armour
 a - a +0 robe (worn)
 b - a +0 wizard hat (worn)
Comestibles
 d - a bread ration
 q - a choko
Scrolls
 e - a scroll of magic mapping {unknown}
 f - a scroll of curse weapon {unknown}
 g - 2 scrolls of identify {unknown}
 h - a scroll of enchant weapon II {unknown}
 i - 2 scrolls of enchant weapon I {unknown}
 j - a scroll of fog {unknown}
 l - a scroll of remove curse {unknown}
 o - a scroll of curse armour {unknown}
 r - a scroll of blinking {unknown}
Jewellery
 m - an uncursed amulet of conservation {unknown}
 s - an amulet of rage (around neck)
Potions
 k - a potion of blood {unknown}
 n - a potion of invisibility {unknown}
 p - a potion of confusion {unknown}
Books
 c - a book of Minor Magic

   Spells                             Type                      Level
   *Magic Dart                        Conjuration                  1
   Blink                              Translocation                2
   Call Imp                           Summoning                    2
   Repel Missiles                     Charms/Air                   2
   Slow                               Hexes                        2
   Conjure Flame                      Conjuration/Fire             3
   Mephitic Cloud                     Conjuration/Poison/Air       3


   Skills:
 - Level 1.5 Dodging
 - Level 2.1 Stealth
 - Level 3.0 Spellcasting
 + Level 4.1 Conjurations
   Level 0.8 Summonings
   Level 0.8 Translocations


You had 8 spell levels left.
You knew the following spells:

 Your Spells              Type           Power        Failure   Level  Hunger
a - Magic Dart            Conj           ###.         3%          1    None


Dungeon Overview and Level Annotations

Branches:
Dungeon (2/27)

Altars:


Innate Abilities, Weirdness & Mutations

You are resistant to torment.
You are immune to poison.
Your stone body is very resilient (AC +3).
You have very sharp teeth.
You have razor-sharp toenails.
You resist negative energy.
You are resistant to electric shocks.
You have a slow metabolism.
You can survive without breathing.
You are immune to petrification.


Message History

Aiming: Magic Dart
Press: ? - help, Shift-Dir - straight line, f/p - giant cockroach
Aim: a giant cockroach (heavily wounded, clinging)
The magic dart hits the giant cockroach.
The giant cockroach is almost dead.
Casting: Magic Dart
Confirm with . or Enter, or press ? or * to list all spells.
Aiming: Magic Dart
Press: ? - help, Shift-Dir - straight line, f/p - giant cockroach
Aim: a giant cockroach (almost dead, clinging)
The magic dart hits the giant cockroach.
You kill the giant cockroach!
You have reached level 4!
You feel stronger.
Casting: Magic Dart
Confirm with . or Enter, or press ? or * to list all spells.
You can't see any susceptible monsters within range! (Use Z to cast anyway.) Put on which piece of jewellery? (? for menu, Esc to quit)
You feel a brief urge to hack something to bits.
s - an amulet of rage (around neck) Are you sure you want to abandon this character and quit the game? (Confirm with "yes".)

....)......#.#####.#
#.................#.#
#...........%.....#.#
#............%....#.#
#....%............#.#
#.................#.#
#.................#.#
#####............>....#.#
........@...............#
$.....#.########......###
.... #. #......# ## #.
###......# #. #......###
#. ##......# #.
..#......##### #.
..........)... #
...#......#####


There were no monsters in sight!

Vanquished Creatures
  2 adders
  3 giant geckos
  4 bats
  2 giant cockroaches
  6 goblins
  6 hobgoblins
  6 kobolds
  A giant newt (D:1)
  5 rats
35 creatures vanquished.

Notes
Turn   | Place    | Note
--------------------------------------------------------------
     0 | D:1      | Kellhus, the Gargoyle Wizard, began the quest for the Orb.
     0 | D:1      | Reached XP level 1. HP: 8/8 MP: 5/5
   216 | D:1      | Reached XP level 2. HP: 13/13 MP: 2/7
   717 | D:1      | Reached XP level 3. HP: 17/17 MP: 6/9
  1317 | D:2      | Reached skill level 4 in Conjurations
  1386 | D:2      | Reached XP level 4. HP: 22/22 MP: 7/11
  1388 | D:2      | Quit the game

Action                   |  1- 3 |  4- 6 || total
-------------------------+-------+-------++-------
 Cast: Magic Dart        |    80 |     1 ||    81
